 Dungeon Crawl Stone Soup version 0.27-a0-668-gb5737ff2c0 (webtiles) character file.

Game seed: 5496027666773897599

102 rageheart7 the Ducker (level 4, -6/32 HPs)
             Began as a Merfolk Wanderer on Mar 18, 2021.
             Killed by nerve-wracking pain
             ... invoked by Grinder
              (7 damage)
             ... on level 3 of the Dungeon.
             The game lasted 00:04:04 (3527 turns).

rageheart7 the Ducker (Merfolk Wanderer)            Turns: 3527, Time: 00:04:05

Health: -6/32      AC:  7    Str: 11    XL:     4   Next: 78%
Magic:  5/5        EV: 12    Int: 13    God:
Gold:   143        SH:  0    Dex: 13    Spells: 4/5 levels left

rFire    . . .     SeeInvis .   i - +0 spear
rCold    . . .     Faith    .   (no shield)
rNeg     . . .     Spirit   .   f - +0 ring mail
rPois    .         Reflect  .   (no helmet)
rElec    .         Harm     .   (no cloak)
rCorr    .         Rampage  .   h - +0 pair of gloves
Will     .....                  c - +0 pair of boots
Stlth    ..........             (no amulet)
HPRegen  0.10/turn              (no ring)
MPRegen  0.09/turn              (no ring)

@: silenced
A: (nimble swimmer 2), mertail
a: no special abilities


You were on level 3 of the Dungeon.
You visited 1 branch of the dungeon, and saw 3 of its levels.

You collected 143 gold pieces.

Inventory:

Hand Weapons
 i - a +0 spear (weapon)
Missiles
 b - 2 throwing nets (quivered)
Armour
 c - a +0 pair of boots (worn)
 f - a +0 ring mail (worn)
 h - a +0 pair of gloves (worn)
Scrolls
 a - a scroll of silence
 g - 2 scrolls of identify
 j - a scroll of fear {unknown}
 k - a scroll of vulnerability {unknown}
 l - a scroll of enchant armour {unknown}
Potions
 d - 3 potions of curing
 e - a potion of brilliance


   Skills:
 * Level 1.6 Fighting
 * Level 2.8(3.5) Polearms
 - Level 1.5(1.9) Staves
 + Level 5.3 Dodging
 - Level 1.1 Stealth
 - Level 1.0 Shields
 * Level 1.2 Spellcasting
 - Level 1.0 Air Magic
 + Level 2.4 Poison Magic


You had 4 spell levels left.
You knew the following spells:

 Your Spells              Type           Power      Damage    Failure   Level
a - Shock                 Conj/Air       8%         1d3       50%         1

Your spell library contained the following spells:

 Spells                   Type           Power      Damage    Failure   Level
 Stone Arrow              Conj/Erth      0%         3d7       90%         3


Dungeon Overview and Level Annotations

Branches:
Dungeon (3/15)

Altars:
Gozag
Ru
Vehumet
Xom
The Shining One

Annotations:
D:3 Grinder


Innate Abilities, Weirdness & Mutations

((You are quick and stealthy while swimming. (Stealth+, EV+, Speed+++)))
Your lower body shifts to a powerful aquatic tail in water.


Message History

No target in view!
No target in view!
No target in view!
No target in view!
Grinder comes into view.
Grinder shouts!
Grinder is nearby!
Grinder is nearby!
Okay, then.
Grinder barely misses you.
You hit Grinder but do no damage. You hit Grinder.
Grinder is lightly wounded.
Grinder gestures at you.
You suddenly lose the ability to move!
Grinder barely misses you. Grinder hits you.
You writhe in agony.
Grinder hits you.
You writhe in agony.
Grinder blinks!
You can move again.
Unknown command.
You hit Grinder but do no damage. Grinder misses you.
You hit Grinder but do no damage. Grinder gestures at you.
Pain shoots through your body!
* * * LOW HITPOINT WARNING * * *
You are too injured to fight recklessly!
You are too injured to fight recklessly!
You are too injured to fight recklessly!
As you read the scroll labelled NUAROU YFAF, it crumbles to dust.
A profound silence engulfs you.
It was a scroll of silence.
Grinder hits you.
* * * LOW HITPOINT WARNING * * *
You writhe in agony.
* * * LOW HITPOINT WARNING * * *
You barely miss Grinder. Grinder misses you. Grinder gestures at you.
You resist with significant effort. Grinder gestures at you.
Pain shoots through your body!
You die...

#.....#..............
##...#.#.######.######
..........##...# #...
#...#...#.##.#####.##
#...##..#.##.......#
#...##..#.###########
#...##..#...........#
.#.####...##.>###########.#
.......5..@...........# #.#
.######.########...##.# #.#
...............#...##.###.#
###.#.#........'...........
#.#........####.#####.# #
#........# #.# #.#
########## #.# #.# #.# #.#
#.#####.#


You could see Grinder.

Vanquished Creatures
  A hound (D:3)
  4 adders (D:2)
  An ooze (D:1)
  2 worms (D:2)
  2 dart slugs
  A ball python (D:3)
  A giant cockroach (D:2)
  3 goblins
  2 hobgoblins
  2 kobolds
  3 bats
  3 frilled lizards
  A rat (D:1)
26 creatures vanquished.

Notes
Turn   | Place    | Note
-------+----------+-------------------------------------------
     0 | D:1      | rageheart7 the Merfolk Wanderer began the quest for the
                  | Orb.
     0 | D:1      | rageheart7 set off with the following items: a +0 dagger, 2
                  | throwing nets, a potion of curing, a +0 leather armour; and
                  | the following spell memorised: Shock; and the following
                  | spells available to memorise: Stone Arrow
     0 | D:1      | Reached XP level 1. HP: 13/13 MP: 1/1
   533 | D:1      | Reached skill level 1 in Polearms
   533 | D:1      | Reached XP level 2. HP: 3/20 MP: 2/2
  1912 | D:2      | Reached skill level 1 in Fighting
  1912 | D:2      | Reached XP level 3. HP: 21/26 MP: 2/4
  2153 | D:2      | Found a glowing golden altar of the Shining One.
  2234 | D:2      | HP: 1/26 [worm (10)]
  2568 | D:2      | Reached skill level 5 in Dodging
  2568 | D:2      | Reached skill level 1 in Spellcasting
  2610 | D:2      | Reached XP level 4. HP: 29/32 MP: 5/5
  2879 | D:2      | Found a radiant altar of Vehumet.
  2880 | D:2      | Found an opulent altar of Gozag.
  2882 | D:2      | Found a sacrificial altar of Ru.
  2958 | D:2      | Found a shimmering altar of Xom.
  3511 | D:3      | Noticed Grinder
  3515 | D:3      | Paralysed by Grinder for 5 turns
  3523 | D:3      | HP: 1/32 [Grinder (4)]
  3527 | D:3      | Killed from afar by Grinder

Illustrated notes

Levels and vault maps discovered:
D:1:      dpeg_arrival_refuge, layout_basic, serial_forest,
          infiniplex_forest_clump_diagonal, infiniplex_forest_lined_3,
          infiniplex_forest_straight_2, infiniplex_forest_clump_diagonal,
          infiniplex_forest_clump_small, infiniplex_forest_side_room,
          infiniplex_forest_end_3, infiniplex_forest_straight_1,
          infiniplex_forest_lined_ring
D:2:      layout_basic, minitemple, tso_metal_star, lemuel_crystal_altar
D:3:      layout_basic, lemuel_round_altar, chequers_ecumenical_altar_lobes,
          hangedman_decor_lopped, uniq_grinder

Skill      XL: |  1  2  3 |
---------------+----------+-----
Polearms       | 1 2 |  2.8
Fighting       | 1 |  1.6
Dodging        | 5 |  5.3
Spellcasting   | 1 |  1.2
Staves         | |  1.5
Stealth        | |  1.1
Shields        | |  1.0
Air Magic      | |  1.0
Poison Magic   | |  2.4

Action                   |  1- 3 |  4- 6 || total
-------------------------+-------+-------++-------
Melee: Dagger            |    43 |       ||    43
       Spear             |    95 |    41 ||   136
  Use: Scroll            |       |     2 ||     2
Armor: Leather armour    |     6 |       ||     6
       Skin              |     1 |       ||     1
       Ring mail         |    36 |     9 ||    45
Dodge: Dodged            |    67 |    17 ||    84

Table legend: (Time is in decaauts)
 A = Elapsed time spent in this place.
 B = Non-inter-level travel time spent in this place.
 C = Inter-level travel time spent in this place.
 D = Time resting spent in this place.
 E = Time spent auto-exploring this place.
 F = Levels seen in this place.
 G = Mean time per level.
                   A        B        C        D        E       F      G
               +--------+--------+--------+--------+--------+-----+--------+
         Total |   3522 |   3469 |     53 |   1277 |   1841 |   3 | 1174.0 |
       Dungeon |   3522 |   3469 |     53 |   1277 |   1841 |   3 | 1174.0 |
               +--------+--------+--------+--------+--------+-----+--------+

Top non-repeatable levels by time:
     D:2: 1559 daAuts
     D:1: 1548 daAuts
     D:3: 414 daAuts
